 Dungeon Crawl Stone Soup version 0.30.1-3-gfc49f6343a (webtiles) character file.

Game seed: 17345123340838984858

823 croobank the Trooper (level 7, -6/51 HPs)
             Began as an Octopode Monk on July 20, 2023.
             Was a Priest of Wu Jian.
             Mangled by an orc warrior
             ... wielding a +0 flail
              (18 damage)
             ... on level 5 of the Dungeon.
             The game lasted 00:12:39 (4169 turns).

croobank the Trooper (Octopode Monk)                Turns: 4169, Time: 00:12:40

Health: -6/51      AC:  1    Str: 11    XL:     7   Next: 96%
Magic:  7/7        EV: 20    Int: 14    God:    Wu Jian [***...]
Gold:   238        SH:  0    Dex: 14    Spells: 6/6 levels left

rFire   . . .        h - +0 dagger
rCold   . . .        (no shield)
rNeg    + + .        (helmet restricted)
rPois   +            j - amulet of faith
rElec   .            f - +5 ring of evasion
rCorr   .            m - ring of poison resistance
SInv    .            b - ring of positive energy
Will    .....        w - ring of positive energy
Stlth   ++           (no ring)
HPRegen 0.28/turn    (no ring)
MPRegen 0.10/turn    (no ring)
                     (no ring)

%: faith
@: no status effects
A: almost no armour, amphibious, 8 rings, camouflage 1, gelatinous body 1,
(nimble swimmer 1), tentacles
a: Renounce Religion, Wall Jump, Serpent's Lash


You were on level 5 of the Dungeon.
You worshipped Wu Jian.
Wu Jian was most pleased with you.
You visited 1 branch of the dungeon, and saw 5 of its levels.

You collected 290 gold pieces.
You spent 52 gold pieces at shops.

Inventory:

Hand Weapons
 a - a +0 heavy short sword
 h - a +0 dagger (weapon)
Missiles
 d - 6 datura-tipped darts (quivered)
 k - 4 poisoned darts
Armour
 c - an orb of light
Jewellery
 b - a ring of positive energy (on tentacle)
 f - a +5 ring of evasion (left tentacle)
 j - an amulet of faith (around mantle)
 m - a ring of poison resistance (right tentacle)
 w - a ring of positive energy (on tentacle)
Wands
 n - a wand of flame (23)
 r - a wand of quicksilver (17)
 t - a wand of paralysis (7)
Scrolls
 g - 2 scrolls of blinking
 i - a scroll of identify
 p - a scroll of fear
Potions
 e - 3 potions of flight
 o - a potion of magic {unknown}
 q - 3 potions of curing {unknown}
 s - a potion of heal wounds {unknown}
 u - 3 potions of attraction {unknown}
 v - a potion of berserk rage {unknown}
 x - 2 potions of mutation


   Skills:
 + Level 5.8 Fighting
 + Level 5.8 Short Blades
 + Level 5.7 Dodging


You had 6 spell levels left.
You didn't know any spells.
Your spell library contained the following spells:

 Spells                   Type           Power      Damage    Failure   Level
 Portal Projectile        Hex/Tloc       0%         N/A       65%         3
 Tukima's Dance           Hex            0%         N/A       65%         3
 Blade Hands              Tmut           0%         N/A       100%        5


Dungeon Overview and Level Annotations

Branches:
Dungeon (5/15)             Temple (0/1) D:4

Altars:
Ashenzari
Kikubaaqudgha
Okawaru
Wu Jian
Zin

Shops:
D:2 *   D:4 =

Annotations:
D:5 1 runed translucent door, Crazy Yiuf


Innate Abilities, Weirdness & Mutations

You cannot wear most types of armour.
You are amphibious.
You can wear up to eight rings at the same time.
Your skin changes colour to match your surroundings (Stealth+).
Your rubbery body absorbs attacks. (AC +1, EV +1)
((You are camouflaged when in or above water. (Stealth+)))
You have tentacles for arms and can constrict up to eight enemies at once.


Message History

The orc warrior is severely wounded.
You constrict the orc warrior, but do no damage.
The orc warrior closely misses you. Something closely misses you.
You hit the orc warrior but do no damage.
You squeeze the orc warrior, but do no damage.
The orc warrior is severely wounded.
You constrict the orc warrior, but do no damage.
You hit the orc warrior.
You squeeze the orc warrior, but do no damage.
The orc warrior is almost dead.
You constrict the orc warrior, but do no damage.
The orc warrior misses you. Something hits you.
You hit the orc warrior.
The orc warrior is almost dead.
You constrict the orc warrior, but do no damage.
The orc warrior misses you. Something hits you.
You hit the orc warrior but do no damage.
The orc warrior is almost dead.
You constrict the orc warrior, but do no damage.
You miss something.
You constrict the orc warrior, but do no damage.
The orc warrior misses you. Something barely misses you.
You miss something.
You constrict the orc warrior, but do no damage.
The orc warrior closely misses you. Something barely misses you.
You barely miss something.
Your tentacle-slap misses something.
You squeeze something. You constrict the orc warrior.
The orc warrior misses you.
You hear some strange, mumbled words.
A magic dart appears from out of thin air!
The magic dart hits you!
* * * LOW HITPOINT WARNING * * *
Okay, then.
You hit something but do no damage.
You constrict the orc warrior, but do no damage.
You hit the orc warrior but do no damage.
The orc warrior is almost dead.
You constrict the orc warrior, but do no damage.
The orc warrior hits you with a +0 flail!!
You die...

#...[)<..........#####...........
#..............###...###......###
#>.....#..###.##.#._.#.##.##..###
#......#...##.#..#...#..#.......#
....####.#...##..##'##..###......
....>.[#.###.#...........##......
...###...#####..#......#########.
...# ##........o{....###### ##
#### ##.#######)@....... #. #..#
#.#.##.### #.... #.##
#.#.##.########.###
#.########.#.##.l#....... .
######.##.................#
.......................<.########
######.#####.####................
#.# #.###...######....#### #.#
#......## ####.#


You could see an orc warrior.

Vanquished Creatures
  Grinder (D:3)
  An ogre (D:4)
  2 phantoms (D:5)
  2 hounds
  A jelly (D:4)
  2 orc priests (D:5)
  2 orc wizards (D:5)
  An iguana (D:5)
  3 gnolls
  2 adders
  A shadow imp (D:5)
  A white imp (D:5)
  An ufetubus (D:4)
  2 worms
  4 dart slugs
  11 orcs
  6 endoplasms
  4 giant cockroaches
  6 goblins
  6 hobgoblins
  14 jackals
  5 kobolds
  2 quokkas
  9 ball pythons
  6 bats
  3 frilled lizards
  5 rats
103 creatures vanquished.

Notes
Turn   | Place    | Note
-------+----------+-------------------------------------------
     0 | D:1      | croobank the Octopode Monk began the quest for the Orb.
     0 | D:1      | Reached XP level 1. HP: 16/16 MP: 1/1
   133 | D:1      | Reached XP level 2. HP: 21/21 MP: 2/2
   692 | D:1      | Reached XP level 3. HP: 12/26 MP: 3/3
  1332 | D:2      | Found Geckeps's General Store.
  1337 | D:2      | Bought a scroll of fear for 52 gold pieces
  1512 | D:2      | Found a broken altar of Ashenzari.
  1717 | D:2      | Reached XP level 4. HP: 31/32 MP: 4/4
  1894 | D:3      | Noticed Grinder
  1913 | D:3      | Killed Grinder
  1914 | D:3      | Reached XP level 5. HP: 24/38 MP: 5/5
  1914 | D:3      | Reached XP level 6. HP: 28/44 MP: 6/6
  2093 | D:3      | Found an ancient bone altar of Kikubaaqudgha.
  2126 | D:3      | Found a faded altar of an unknown god.
  2148 | D:3      | Prayed at the altar of an unknown god.
  2148 | D:3      | Became a worshipper of the Wu Jian Council
  2148 | D:3      | Reached * piety under Wu Jian
  2148 | D:3      | Reached ** piety under Wu Jian
  2534 | D:4      | Found an iron altar of Okawaru.
  2599 | D:4      | Reached *** piety under Wu Jian
  2636 | D:4      | Found a staircase to the Ecumenical Temple.
  2672 | D:4      | Found Tiulash's Jewellery Boutique.
  2762 | D:4      | Reached skill level 5 in Fighting
  2762 | D:4      | Reached skill level 5 in Short Blades
  2762 | D:4      | Reached skill level 5 in Dodging
  2762 | D:4      | Reached XP level 7. HP: 40/50 MP: 7/7
  3257 | D:5      | Entered Level 5 of the Dungeon
  3363 | D:5      | Found a broken altar of Ashenzari.
  3607 | D:5      | Found a glowing silver altar of Zin.
  3679 | D:5      | Found a runed translucent door.
  3680 | D:5      | Noticed Crazy Yiuf
  4169 | D:5      | Mangled by an orc warrior

Illustrated notes

Levels and vault maps discovered:
D:1:      saegor_arrival_fortress, layout_basic
D:2:      layout_basic, serial_shops, shop, basic_altar,
          dreamdust_princess_corridor, nicolae_concentric_dashed_squares_mild,
          minmay_misc_feat_square
D:3:      layout_loops_ring, kiku_gazebo_garden_becter,
          dreamdust_ecumenical_altar_grove, uniq_grinder
D:4:      layout_loops_ring, mainiacjoe_overflow_alcove_4,
          minmay_temple_entry_trees, serial_shops, nicolae_shop_statue_plus,
          minivault_1
D:5:      layout_rooms, nicolae_ashenzari_skybound, kennysheep_mini_moat,
          uniq_crazy_yiuf_cottage

Skill      XL: |  1  2  3  4  5  6 |
---------------+-------------------+-----
Fighting       | 4 5 |  5.8
Short Blades   | 4 5 |  5.8
Dodging        | 4 5 |  5.7

Action                     |  1- 3 |  4- 6 |  7- 9 || total
---------------------------+-------+-------+-------++-------
  Melee: Short sword       |    85 |     9 |       ||    94
         Constrict         |    19 |    18 |    25 ||    62
         Tentacles         |    14 |    13 |    39 ||    66
         Punch             |     1 |     2 |     1 ||     4
         Dagger            |       |    78 |   134 ||   212
 Invoke: Serpent's Lash    |       |     1 |       ||     1
Ability: Lunge             |       |     3 |     8 ||    11
         Wall Jump         |       |     3 |     5 ||     8
    Use: Scroll            |     5 |     2 |     6 ||    13
         Potion            |       |     1 |     2 ||     3
   Stab: Sleeping          |     4 |     8 |     4 ||    16
         Distracted        |       |     1 |       ||     1
 Armour: Skin              |     2 |     2 |     1 ||     5
  Dodge: Dodged            |    70 |    62 |    84 ||   216
